HBL
TUCSON TARANTULAS @ TACOMA RAINIERS
05/15/1997
 
TOP OF THE 1ST
Tucson Tarantulas batting - Pitching for Tacoma Rainiers : RHP Greg Keagle
Pitching: RHP Greg Keagle
Batting: RHB Barry Wesson 0-0: Called Strike
0-1: Ball
1-1: Foul Ball, location: 2F
1-2: Ball
2-2: Strikes out looking
Batting: RHB Ray Holbert 0-0: Ball
1-0: SINGLE (Flyball, 78S, EV 93.1 MPH)
Batting: SHB Bip Roberts 0-0: Called Strike
0-1: Called Strike
0-2: Strikes out swinging
Batting: RHB Andres Galarraga 0-0: Fly out, F8 (Flyball, 8RD, EV 85.6 MPH)
Top of the 1st over - 0 runs, 1 hit, 0 errors, 1 left on base; Tucson 0 - Tacoma 0
BOTTOM OF THE 1ST
Tacoma Rainiers batting - Pitching for Tucson Tarantulas : LHP Chuck Finley
Pitching: LHP Chuck Finley
Batting: RHB Eric Young 0-0: Ball
1-0: Swinging Strike
1-1: Ground out 5-3 (Groundball, 5S, EV 86.3 MPH)
Batting: RHB Jose Guillen 0-0: Called Strike
0-1: Ball
1-1: Swinging Strike
1-2: Fly out, F8 (Flyball, 8RXD, EV 106.3 MPH)
Batting: RHB Russ Davis 0-0: Ball
1-0: Ball
2-0: SINGLE (Flyball, 89S, EV 87.5 MPH)
Batting: SHB Micah Franklin 0-0: Ball
1-0: Fly out, F8 (Flyball, 8RM, EV 90.6 MPH)
Bottom of the 1st over - 0 runs, 1 hit, 0 errors, 1 left on base; Tucson 0 - Tacoma 0
TOP OF THE 2ND
Tucson Tarantulas batting - Pitching for Tacoma Rainiers : RHP Greg Keagle
Batting: RHB Dave McCarty 0-0: Ball
1-0: Fly out, F9 (Flyball, 9S, EV 88.8 MPH)
Batting: RHB Jack Voigt 0-0: Foul Ball, location: 2F
0-1: Ball
1-1: SINGLE (Groundball, 6MD, EV 100.0 MPH)
Batting: SHB Matt Walbeck Pickoff Throw to First - Out! 1-3
0-0: Foul Ball, location: 2F
0-1: Ball
1-1: Hit by Pitch
Batting: SHB Hanley Frias 0-0: DOUBLE (Groundball, 5L, EV 106.3 MPH)
Matt Walbeck to third
Runner from 3rd tries for Home, SAFE, throw by LF to home
Batting: RHB Ralph Milliard 0-0: Ball
1-0: Ball
2-0: Ball
3-0: Base on Balls
Batting: RHB Barry Wesson 0-0: Ball
1-0: Foul Ball, location: 2F
1-1: Fly out, F6 (Line Drive, 6, EV 74.4 MPH)
Top of the 2nd over - 1 run, 2 hits, 0 errors, 2 left on base; Tucson 1 - Tacoma 0
BOTTOM OF THE 2ND
Tacoma Rainiers batting - Pitching for Tucson Tarantulas : LHP Chuck Finley
Batting: LHB Chito Martinez 0-0: Ball
1-0: Ball
2-0: SINGLE (Flyball, 7S, EV 91.9 MPH)
Batting: SHB Jason Bates 0-0: Ball
1-0: Called Strike
1-1: Ball
2-1: Foul Ball, location: 2F
2-2: Ground out 6-3 (Groundball, 6S, EV 73.1 MPH)
Chito Martinez to second
Batting: LHB Daryl Boston 0-0: Called Strike
0-1: Ball
1-1: Foul Ball, location: 2F
1-2: Ball
2-2: Fly out, F8 (Line Drive, 8RD, EV 90.0 MPH)
Batting: LHB Mario Valdez 0-0: DOUBLE (Groundball, 5L, EV 102.5 MPH)
Chito Martinez scores
Batting: LHB Greg O'Halloran 0-0: Ball
1-0: Called Strike
1-1: Ground out 1-3 (Groundball, 13S, EV 70.6 MPH)
Bottom of the 2nd over - 1 run, 2 hits, 0 errors, 1 left on base; Tucson 1 - Tacoma 1
TOP OF THE 3RD
Tucson Tarantulas batting - Pitching for Tacoma Rainiers : RHP Greg Keagle
Batting: RHB Ray Holbert 0-0: Called Strike
0-1: Ball
1-1: Ball
2-1: Ball
3-1: Bunt for hit to 23 - play at first, batter OUT! 3-4
Batting: SHB Bip Roberts 0-0: Ball
1-0: Ball
2-0: Ball
3-0: Called Strike
3-1: Fly out, F8 (Flyball, 8RD, EV 101.3 MPH)
Batting: RHB Andres Galarraga 0-0: Called Strike
0-1: Foul Ball, location: 2F
0-2: Strikes out swinging
Top of the 3rd over - 0 runs, 0 hits, 0 errors, 0 left on base; Tucson 1 - Tacoma 1
BOTTOM OF THE 3RD
Tacoma Rainiers batting - Pitching for Tucson Tarantulas : LHP Chuck Finley
Batting: RHB Eric Young 0-0: Ball
1-0: Swinging Strike
1-1: Swinging Strike
1-2: Strikes out swinging
Batting: RHB Jose Guillen 0-0: Ball
1-0: Ball
2-0: Ball
3-0: Base on Balls
Batting: RHB Russ Davis 0-0: Called Strike
0-1: Ball
1-1: Fly out, F9 (Flyball, 89D, EV 101.9 MPH)
Batting: SHB Micah Franklin 0-0: Ball
1-0: Called Strike
1-1: Swinging Strike
1-2: Foul Ball, location: 2F
1-2: SINGLE (Groundball, 6, EV 86.9 MPH) (infield hit)
Jose Guillen to second
Batting: LHB Chito Martinez 0-0: Called Strike
0-1: Swinging Strike
0-2: Ball
1-2: Ball
2-2: Ball
3-2: Base on Balls
Jose Guillen to third
Micah Franklin to second
Batting: SHB Jason Bates 0-0: Called Strike
0-1: Ball
1-1: Foul Ball, location: 2F
1-2: Fly out, F3 (Popup, 3SF, EV 87.5 MPH)
Bottom of the 3rd over - 0 runs, 1 hit, 0 errors, 3 left on base; Tucson 1 - Tacoma 1
TOP OF THE 4TH
Tucson Tarantulas batting - Pitching for Tacoma Rainiers : RHP Greg Keagle
Batting: RHB Dave McCarty 0-0: Ball
1-0: Foul Ball, location: 2F
1-1: Ball
2-1: Swinging Strike
2-2: Ball
3-2: Strikes out swinging
Batting: RHB Jack Voigt 0-0: Called Strike
0-1: Foul Ball, location: 2F
0-2: Strikes out looking
Batting: SHB Matt Walbeck 0-0: Foul Ball, location: 2F
0-1: Ball
1-1: Swinging Strike
1-2: Foul Ball, location: 2F
1-2: Ball
2-2: Strikes out swinging
Top of the 4th over - 0 runs, 0 hits, 0 errors, 0 left on base; Tucson 1 - Tacoma 1
BOTTOM OF THE 4TH
Tacoma Rainiers batting - Pitching for Tucson Tarantulas : LHP Chuck Finley
Batting: LHB Daryl Boston 0-0: Called Strike
0-1: Ball
1-1: Ball
2-1: Ground out 5-3 (Groundball, 56, EV 108.1 MPH)
Batting: LHB Mario Valdez 0-0: Called Strike
0-1: Ground out 1-3 (Groundball, 34S, EV 80.0 MPH)
Batting: LHB Greg O'Halloran 0-0: Swinging Strike
0-1: Swinging Strike
0-2: Ball
1-2: Ball
2-2: Ball
3-2: Base on Balls
Batting: RHB Eric Young 0-0: Ball
1-0: Foul Ball, location: 2F
1-1: Ball
2-1: Called Strike
2-2: Foul Ball, location: 2F
2-2: Ground out 2-3 (Groundball, 15S, EV 73.1 MPH)
Bottom of the 4th over - 0 runs, 0 hits, 0 errors, 1 left on base; Tucson 1 - Tacoma 1
TOP OF THE 5TH
Tucson Tarantulas batting - Pitching for Tacoma Rainiers : RHP Greg Keagle
Batting: SHB Hanley Frias 0-0: Ball
1-0: SINGLE (Line Drive, 4M, EV 105.6 MPH)
Batting: RHB Ralph Milliard 0-0: Foul Ball, location: 2F
0-1: Ball
1-1: Bunt - Flyout to 25 - DP at third! 5-3
Batting: RHB Barry Wesson 0-0: Ball
1-0: Ground out 4-3 (Groundball, 4S, EV 64.4 MPH)
Top of the 5th over - 0 runs, 1 hit, 0 errors, 0 left on base; Tucson 1 - Tacoma 1
BOTTOM OF THE 5TH
Tacoma Rainiers batting - Pitching for Tucson Tarantulas : LHP Chuck Finley
Batting: RHB Jose Guillen 0-0: Fly out, F7 (Flyball, 78M, EV 94.4 MPH)
Batting: RHB Russ Davis 0-0: Called Strike
0-1: Foul Ball, location: 2F
0-2: Foul Ball, location: 2F
0-2: Strikes out swinging
Pitching: RHP James Baldwin
Batting: SHB Micah Franklin 0-0: SOLO HOME RUN (Flyball, 9LD, EV 101.3 MPH), Distance : 351 ft
Batting: LHB Chito Martinez 0-0: Ball
1-0: Foul Ball, location: 2F
1-1: Fly out, F8 (Flyball, 8RS, EV 91.9 MPH)
Bottom of the 5th over - 1 run, 1 hit, 0 errors, 0 left on base; Tucson 1 - Tacoma 2
TOP OF THE 6TH
Tucson Tarantulas batting - Pitching for Tacoma Rainiers : RHP Greg Keagle
Batting: RHB Ray Holbert 0-0: Ball
1-0: Fly out, F7 (Flyball, 78M, EV 86.3 MPH)
Batting: SHB Bip Roberts 0-0: Called Strike
0-1: Foul Ball, location: 2F
0-2: Ball
1-2: Ball
2-2: Ground out 4-3 (Groundball, 4MS, EV 69.4 MPH)
Batting: RHB Andres Galarraga 0-0: Ball
1-0: Called Strike
1-1: Ball
2-1: Fly out, F8 (Flyball, 8LM, EV 90.6 MPH)
Top of the 6th over - 0 runs, 0 hits, 0 errors, 0 left on base; Tucson 1 - Tacoma 2
BOTTOM OF THE 6TH
Tacoma Rainiers batting - Pitching for Tucson Tarantulas : RHP James Baldwin
Batting: SHB Jason Bates 0-0: Ball
1-0: Called Strike
1-1: Ball
2-1: Ball
3-1: SINGLE (Line Drive, 4M, EV 97.5 MPH)
Batting: LHB Daryl Boston 0-0: Ball
1-0: Ground out 3-1 (Groundball, 34, EV 103.8 MPH)
Jason Bates to second
Batting: LHB Mario Valdez 0-0: Ball
1-0: Swinging Strike
1-1: Foul Ball, location: 2F
1-2: Ball
2-2: Foul Ball, location: 2F
2-2: Strikes out swinging
Batting: LHB Greg O'Halloran 0-0: Called Strike
0-1: Ball
1-1: Ground out 4-3 (Groundball, 4, EV 82.5 MPH)
Bottom of the 6th over - 0 runs, 1 hit, 0 errors, 1 left on base; Tucson 1 - Tacoma 2
TOP OF THE 7TH
Tucson Tarantulas batting - Pitching for Tacoma Rainiers : RHP Greg Keagle
Batting: RHB Dave McCarty 0-0: DOUBLE (Flyball, 8RXD, EV 108.1 MPH)
Pinch Hitting: LHB Dave Magadan 0-0: Ball
1-0: Fly out, F8 (Flyball, 8LXD, EV 101.3 MPH)
Runner from 2nd tags up, SAFE at 3rd, no throw by CF
Batting: SHB Matt Walbeck 0-0: Foul Ball, location: 2F
0-1: Ball
1-1: SINGLE (Groundball, 34D, EV 108.8 MPH)
Dave McCarty scores
Batting: SHB Hanley Frias 0-0: Ball
1-0: Foul Ball, location: 2F
1-1: Ball
2-1: Swinging Strike
2-2: SINGLE (Line Drive, 56, EV 96.3 MPH)
Matt Walbeck to second
Batting: RHB Ralph Milliard 0-0: Foul Ball, location: 2F
0-1: Grounds into double play, 4-6-3 (Groundball, 4, EV 86.9 MPH)
Top of the 7th over - 1 run, 3 hits, 0 errors, 1 left on base; Tucson 2 - Tacoma 2
BOTTOM OF THE 7TH
Tacoma Rainiers batting - Pitching for Tucson Tarantulas : RHP James Baldwin
Now in LF: Todd Dunn
Batting: RHB Eric Young 0-0: Ball
1-0: Ball
2-0: Called Strike
2-1: Fly out, F8 (Flyball, 8LXD, EV 98.8 MPH)
Batting: RHB Jose Guillen 0-0: Foul Ball, location: 2F
0-1: SOLO HOME RUN (Flyball, 78XD, EV 97.5 MPH), Distance : 412 ft
Batting: RHB Russ Davis 0-0: Ball
1-0: Ball
2-0: Ground out 5-3 (Groundball, 5S, EV 85.0 MPH)
Batting: SHB Micah Franklin 0-0: Ball
1-0: Called Strike
1-1: Ball
2-1: Fly out, F8 (Flyball, 8LD, EV 105.0 MPH)
Bottom of the 7th over - 1 run, 1 hit, 0 errors, 0 left on base; Tucson 2 - Tacoma 3
TOP OF THE 8TH
Tucson Tarantulas batting - Pitching for Tacoma Rainiers : RHP Greg Keagle
Pitching: RHP Greg McMichael
Batting: RHB Barry Wesson 0-0: Called Strike
0-1: Called Strike
0-2: Foul Ball, location: 2F
0-2: Foul Ball, location: 2F
0-2: Ball
1-2: Strikes out looking
Batting: RHB Ray Holbert 0-0: Ball
1-0: Ball
2-0: Fly out, F7 (Flyball, 7LM, EV 88.1 MPH)
Batting: SHB Bip Roberts 0-0: Ball
1-0: Foul Ball, location: 2F
1-1: Called Strike
1-2: SOLO HOME RUN (Line Drive, 9LD, EV 105.0 MPH), Distance : 347 ft
Batting: RHB Andres Galarraga 0-0: Called Strike
0-1: Swinging Strike
0-2: Foul Ball, location: 2F
0-2: Ball
1-2: Strikes out swinging
Top of the 8th over - 1 run, 1 hit, 0 errors, 0 left on base; Tucson 3 - Tacoma 3
BOTTOM OF THE 8TH
Tacoma Rainiers batting - Pitching for Tucson Tarantulas : RHP James Baldwin
Batting: LHB Chito Martinez 0-0: Ball
1-0: Ball
2-0: Ball
3-0: Base on Balls
Batting: SHB Jason Bates 0-0: Ball
1-0: Ball
2-0: Ball
3-0: Base on Balls
Chito Martinez to second
Batting: LHB Daryl Boston 0-0: Called Strike
0-1: Ball
1-1: Foul Ball, location: 2F
1-2: Ball
2-2: Foul Ball, location: 2F
2-2: Ball
3-2: Base on Balls
Chito Martinez to third
Jason Bates to second
Pitching: RHP Jeff Shaw
Batting: LHB Mario Valdez 0-0: SINGLE (Groundball, 4, EV 105.6 MPH) (infield hit)
Chito Martinez scores
Jason Bates to third
Daryl Boston to second
Batting: LHB Greg O'Halloran 0-0: Called Strike
0-1: Ball
1-1: Swinging Strike
1-2: Ball
2-2: Strikes out swinging
Batting: RHB Eric Young 0-0: Called Strike
0-1: Ball
1-1: Swinging Strike
1-2: Fly out, F9 (Flyball, 89M, EV 86.3 MPH)
Runner from 3rd tags up, SCORES, no throw by RF
Batting: RHB Jose Guillen 0-0: Fly out, F8 (Flyball, 8RM, EV 95.6 MPH)
Bottom of the 8th over - 2 runs, 1 hit, 0 errors, 2 left on base; Tucson 3 - Tacoma 5
TOP OF THE 9TH
Tucson Tarantulas batting - Pitching for Tacoma Rainiers : RHP Greg McMichael
Pitching: RHP Tavo Alvarez
Now at 1B: Ron Coomer
Batting: RHB Dave McCarty 0-0: Foul Ball, location: 2F
0-1: Ball
1-1: Swinging Strike
1-2: Ball
2-2: Strikes out swinging
Batting: RHB Todd Dunn 0-0: Foul Ball, location: 2F
0-1: Ball
1-1: Ball
2-1: Ball
3-1: Fly out, F8 (Flyball, 89D, EV 101.9 MPH)
Batting: SHB Matt Walbeck 0-0: Ball
1-0: Swinging Strike
1-1: Foul Ball, location: 2F
1-2: SINGLE (Line Drive, 6D, EV 95.0 MPH)
Batting: SHB Hanley Frias 0-0: Ball
1-0: Called Strike
1-1: SINGLE (Groundball, 4MD, EV 102.5 MPH)
Matt Walbeck to second
Pinch Hitting: RHB Geronimo Berroa 0-0: Ball
1-0: Fly out, F7 (Flyball, 7, EV 96.9 MPH)
Top of the 9th over - 0 runs, 2 hits, 0 errors, 2 left on base; Tucson 3 - Tacoma 5
Tuesday, February 10th, 2026 - OOTP Baseball 20.8 Build 74